 Dungeon Crawl Stone Soup version 0.31-a0-117-g42d8f58691 (webtiles) character file.

Game seed: 4886674090539150584

21 ragingrage the Cudgeller (level 2, -3/20 (22) HPs)
             Began as a Demonspawn Reaver on May 30, 2023.
             Slain by a kobold
             ... wielding a +2 short sword of speed
              (6 damage)
             ... on level 1 of the Dungeon.
             The game lasted 00:00:56 (884 turns).

ragingrage the Cudgeller (Demonspawn Reaver)         Turns: 884, Time: 00:00:57

HP:   -3/20 (22)    AC:  3    Str:  9 (12) XL:     2   Next: 65%
MP:   14/14         EV: 11    Int: 11 (14) God:
Gold: 18            SH:  0    Dex:  8 (11) Spells: 2/5 levels left

rFire   . . .        c - +1 whip (venom)
rCold   . . .        (no shield)
rNeg    . . .        b - +0 leather armour
rPois   .            (no helmet)
rElec   .            (no cloak)
rCorr   .            (no gloves)
SInv    .            (no boots)
Will    .....        (no amulet)
Stlth   +            h - ring of magical power
HPRegen 0.23/turn    (no ring)
MPRegen 0.14/turn

%: no passive effects
@: drained
A: weakness stinger 1
a: no special abilities


You were on level 1 of the Dungeon.
You visited 1 branch of the dungeon, and saw 1 of its levels.

You collected 18 gold pieces.

Inventory:

Hand Weapons
 a - a +0 mace
 c - a +1 whip of venom (weapon)
Armour
 b - a +0 leather armour (worn)
Jewellery
 h - a ring of magical power (left hand)
Scrolls
 d - a scroll of immolation {unknown}
Potions
 f - a potion of magic {unknown}
 g - a potion of haste {unknown}


   Skills:
 - Level 2.0 Fighting
 + Level 3.1 Maces & Flails
 - Level 1.7 Dodging
 + Level 0.9 Stealth
 - Level 2.0 Spellcasting
 - Level 3.0 Conjurations
 + Level 1.4 Necromancy


You had 2 spell levels left.
You knew the following spells:

 Your Spells              Type           Power      Damage    Failure   Level
a - Kiss of Death         Conj/Necr      20%        2d7       17%         1
b - Momentum Strike       Conj/Tloc      8%         3d8       32%         2

Your spell library contained the following spells:

 Spells                   Type           Power      Damage    Failure   Level
 Hailstorm                Conj/Ice       4%         3d4       54%         3
 Vhi's Electric Charge    Tloc/Air       2%         N/A       77%         3
 Arcjolt                  Conj/Air       2%         1d12      99%         5
 Maxwell's Capacitive Co  Air            0%         ∞         100%        8


Dungeon Overview and Level Annotations

Branches:
Dungeon (1/15)

Altars:


Innate Abilities, Weirdness & Mutations

You have a small tail.


Message History

A kobold comes into view.
It is wielding a +2 short sword of speed.
The kobold shouts!
A kobold is nearby!
A kobold is nearby!
A ball python comes into view.
The ball python hisses angrily.
You closely miss the kobold. The kobold barely misses you.
You barely miss the kobold.
You tail-slap the kobold, but do no damage.
The kobold barely misses you.
You closely miss the ball python. You tail-slap the ball python.
You punch the ball python, but do no damage.
The ball python bites you but does no damage.
The ball python misses you.
The kobold hits you with a +2 short sword of speed.
The ball python completely misses you. The ball python closely misses you.
The kobold hits you with a +2 short sword of speed.
You closely miss the kobold. The kobold barely misses you.
The ball python bites you. The ball python closely misses you.
You are too injured to fight recklessly!
You barely miss the kobold. The kobold barely misses you.
The ball python closely misses you. The ball python barely misses you.
The kobold hits you with a +2 short sword of speed.
You hit the kobold. The ball python bites you. The ball python grabs you.
The ball python constricts you. The kobold hits you but does no damage.
You miss the kobold. The ball python closely misses you.
The ball python constricts you.
The kobold hits you with a +2 short sword of speed.
You escape the ball python's grasp.
The ball python attacks as you move away!
The ball python bites you. The ball python barely misses you.
The kobold attacks as you move away!
The kobold hits you with a +2 short sword of speed.
* * * LOW HITPOINT WARNING * * *
It was a potion of degeneration.
There was something very wrong with that liquid.
You feel weakened.
You feel dopey.
You feel clumsy. The kobold barely misses you.
The kobold hits you with a +2 short sword of speed.
You die...

#.# #.###########
#.##.........
#.##.........
######'##.........
#........#.........
#........#.........
#........#......?..
#.......@KS........
#........#.........
###################


You could see a ball python and a kobold.

Vanquished Creatures
  A dart slug (D:1)
  4 bats (D:1)
  2 endoplasms (D:1)
  A giant cockroach (D:1)
  2 goblins (D:1)
  A kobold (D:1)
  A quokka (D:1)
  4 ball pythons (D:1)
  2 rats (D:1)
18 creatures vanquished.

Notes
Turn   | Place    | Note
-------+----------+-------------------------------------------
     0 | D:1      | ragingrage the Demonspawn Reaver began the quest for the
                  | Orb.
     0 | D:1      | Reached XP level 1. HP: 16/16 MP: 3/3
   198 | D:1      | Reached skill level 1 in Necromancy
   253 | D:1      | Gained mutation: You have a small tail. [demonic ancestry]
   253 | D:1      | Reached XP level 2. HP: 22/22 MP: 5/5
   770 | D:1      | Learned a level 2 spell: Momentum Strike
   884 | D:1      | Slain by a kobold

Illustrated notes

Levels and vault maps discovered:
D:1:      wander_arrival_peaceful_grave, layout_basic

Skill      XL: |  1  2 |
---------------+-------+-----
Necromancy     | 1 |  1.4
Maces & Flails | 3 |  3.1
Fighting       | |  2.0
Dodging        | |  1.7
Stealth        | |  0.9
Spellcasting   | |  2.0
Conjurations   | |  3.0

Action                     || total
---------------------------++-------
  Melee: Mace              ||    19
         Punch             ||     3
         Whip              ||    29
         Tailslap          ||     3
   Cast: Kiss of Death     ||     1
    Use: Potion            ||     1
 Armour: Leather armour    ||    20
  Dodge: Dodged            ||    40

Table legend: (Time is in decaauts)
 A = Elapsed time spent in this place.
 B = Non-inter-level travel time spent in this place.
 C = Inter-level travel time spent in this place.
 D = Time resting spent in this place.
 E = Time spent auto-exploring this place.
 F = Levels seen in this place.
 G = Mean time per level.
                   A        B        C        D        E       F      G
               +--------+--------+--------+--------+--------+-----+--------+
         Total |    886 |    886 |      0 |    316 |    404 |   1 |  886.0 |
       Dungeon |    886 |    886 |      0 |    316 |    404 |   1 |  886.0 |
               +--------+--------+--------+--------+--------+-----+--------+

Top non-repeatable levels by time:
     D:1: 886 daAuts
